 Dungeon Crawl Stone Soup version 0.30-a0-122-g2a1322497e (webtiles) character file.

Game seed: 1872790231526128780

7 Chimkentus the Vexing (level 1, 0/7 HPs)
             Began as a Felid Enchanter on Sept 16, 2022.
             Slain by a quokka (4 damage)
             ... on level 1 of the Dungeon.
             The game lasted 00:03:58 (825 turns).

Chimkentus the Vexing (Felid Enchanter)              Turns: 825, Time: 00:03:59

Health: 0/7        AC:  1    Str:  4    XL:     1   Next: 83%
Magic:  13/13      EV: 17    Int: 16    God:
Gold:   112        SH:  0    Dex: 16    Spells: 4/4 levels left
                                        Lives:  0   Deaths: 0

rFire   . . .      SeeInvis +      - Unarmed
rCold   . . .      Faith    .    (shield unavailable)
rNeg    . . .      Spirit   .    (body armour unavailable)
rPois   .          Reflect  .    (helmet unavailable)
rElec   .          Harm     .    (cloak unavailable)
rCorr   .          Rampage  .    (gloves unavailable)
Will    .....                    (boots unavailable)
Stlth   +++.......               (no amulet)
HPRegen 0.02/turn                c - ring of magical power
MPRegen 0.13/turn                (no ring)

@: quick
A: very small, claws 1, fangs 3, see invisible, speed 1, shaggy fur 1, stealthy
paws, no weapons or thrown items, no armour, multi-lived
a: no special abilities


You were on level 1 of the Dungeon.
You visited 1 branch of the dungeon, and saw 1 of its levels.

You collected 112 gold pieces.

Inventory:

Jewellery
 c - a ring of magical power (left paw)
 d - an amulet of faith
Scrolls
 b - a scroll of identify {unknown}
Potions
 a - 2 potions of invisibility


   Skills:
 * Level 0.2 Fighting
 + Level 2.7 Dodging
 + Level 4.0 Stealth
 + Level 1.1 Unarmed Combat
 + Level 2.0 Spellcasting
 * Level 4.9 Hexes


You had 4 spell levels left.
You didn't know any spells.
Your spell library contained the following spells:

 Spells                   Type           Power      Damage    Failure   Level
 Confusing Touch          Hex            17%        N/A       9%          3
 Tukima's Dance           Hex            17%        N/A       9%          3
 Ensorcelled Hibernation  Hex/Ice        18%        N/A       12%         2
 Dazzling Flash           Conj/Hex       18%        N/A       22%         3


Dungeon Overview and Level Annotations

Branches:
Dungeon (1/15)

Altars:

Annotations:
D:1 exclusion: bullfrog


Innate Abilities, Weirdness & Mutations

You have sharp claws.
You have razor-sharp teeth.
You have supernaturally acute eyesight. (SInv)
You cover ground quickly. (Speed+)
You are covered in fur. (AC +1)
Your paws help you pounce on unaware monsters.
You are incapable of wielding weapons or throwing items.
You cannot wear armour.
You gain extra lives every three experience levels.


Message History

You scratch the rat but do no damage.
The rat is severely wounded.
The rat misses you.
You barely miss the rat.
The rat is severely wounded.
The rat closely misses you.
You closely miss the rat.
The rat is severely wounded.
The rat completely misses you.
You scratch the rat.
You kill the rat!
An endoplasm comes into view.
The endoplasm quivers.
You barely miss the endoplasm.
You bite the endoplasm, but do no damage.
The endoplasm freezes you.
You are frozen.
Ouch! That really hurt!
A dart slug comes into view.
There is an open door here.
You close the door.
You start resting.
HP restored.
You open the door.
There is an open door here.
A quokka comes into view.
Found a scroll labelled UNAOMUQOOQ.
The endoplasm quivers.
You closely miss the quokka. You claw the quokka, but do no damage.
The quokka closely misses you.
You scratch the quokka but do no damage.
The quokka bites you.
You scratch the quokka.
The quokka is lightly wounded.
The quokka misses you.
You barely miss the quokka. You bite the quokka.
The quokka is heavily wounded.
The quokka barely misses you. The quokka bites you.
Ouch! That really hurt!
You die...

#### #.. . #.#
..#####@# #
#......r###.#####
###.....J...?....
....##..#..######
##### w .##
#..#..... ....#
....#.##..#..#.J#
....#
#........##.#....
....#
####.##.###.#.....
....# ..
#...........


You could see an endoplasm and a quokka.

Vanquished Creatures
  A bat (D:1)
  An endoplasm (D:1)
  A hobgoblin (D:1)
  A ball python (D:1)
  A frilled lizard (D:1)
  2 rats (D:1)
7 creatures vanquished.

Vanquished Creatures (others)
  A fungus (D:1)
  3 toadstools (D:1)
4 creatures vanquished.

Grand Total: 11 creatures vanquished

Notes
Turn   | Place    | Note
-------+----------+-------------------------------------------
     0 | D:1      | Chimkentus the Felid Enchanter began the quest for the Orb.
     0 | D:1      | Reached XP level 1. HP: 7/7 MP: 4/4
    11 | D:1      | Noticed a bullfrog
   825 | D:1      | Slain by a quokka

Illustrated notes

Levels and vault maps discovered:
D:1:      evilmike_arrival_come_back, layout_basic, minmay_gold_behind_fungi,
          chequers_serial_rivers_micro_e

Action                   || total
-------------------------++-------
Melee: Unarmed           ||    30
       Bite              ||     4
       Punch             ||     1
 Stab: Sleeping          ||     1
Armor: Skin              ||     1
Dodge: Dodged            ||    15

Table legend: (Time is in decaauts)
 A = Elapsed time spent in this place.
 B = Non-inter-level travel time spent in this place.
 C = Inter-level travel time spent in this place.
 D = Time resting spent in this place.
 E = Time spent auto-exploring this place.
 F = Levels seen in this place.
 G = Mean time per level.
                   A        B        C        D        E       F      G
               +--------+--------+--------+--------+--------+-----+--------+
         Total |    767 |    767 |      0 |    144 |    453 |   1 |  767.0 |
       Dungeon |    767 |    767 |      0 |    144 |    453 |   1 |  767.0 |
               +--------+--------+--------+--------+--------+-----+--------+

Top non-repeatable levels by time:
     D:1: 767 daAuts
